 Dungeon Crawl Stone Soup version 0.18.1-48-g4cf74bf (webtiles) character file.

46 Lennu the Conjurer (level 3, 0/24 HPs)
             Began as a Demonspawn Conjurer on July 11, 2016.
             Slain by Sigmund
             ... wielding a +0 scythe
              (1 damage)
             ... on level 2 of the Dungeon.
             The game lasted 00:04:34 (2076 turns).

Lennu the Conjurer (Demonspawn Conjurer)            Turns: 2076, Time: 00:04:36

Health: 0/24       AC:  2    Str:  8    XL:     3   Next: 44%
Magic:  4/6        EV: 12    Int: 17    God:
Gold:   59         SH:  0    Dex: 13    Spells: 1 memorised, 5 levels left

rFire  . . .     SeeInvis .     e - +2 short sword (venom)
rCold  . . .     Gourm    .     a - +0 robe
rNeg   . . .     Faith    .     (no shield)
rPois  .         Spirit   .     (no helmet)
rElec  .         Dismiss  .     (no cloak)
rCorr  .         Reflect  .     (no gloves)
SustAt .         Harm     .     (no boots)
MR     .....                    (no amulet)
Stlth  +++.......               (no ring)
                                (no ring)

@: not resistant to hostile enchantments, fairly stealthy
A: claws 1, nightstalker 1
a: no special abilities


You were on level 2 of the Dungeon.
You were not hungry.

You visited 1 branch of the dungeon, and saw 2 of its levels.

You collected 59 gold pieces.

Inventory:

Hand Weapons
 e - a +2 short sword of venom (weapon)
Armour
 a - a +0 robe (worn)
Scrolls
 d - a scroll of recharging {unknown}
 i - a scroll of amnesia {unknown}
 m - a scroll of identify {unknown}
Potions
 h - 2 potions of heal wounds {unknown}
 k - 3 potions of lignification {unknown}
 l - a potion of curing {unknown}
Books
 b - a book of Conjurations

   Spells                             Type                      Level
   a - Magic Dart                     Conjuration                  1
   b - Searing Ray                    Conjuration                  2
   c - Dazzling Spray                 Conjuration/Hexes            3
   d - Fulminant Prism                Conjuration/Hexes            4
   e - Iskenderun's Mystic Blast      Conjuration                  4
   f - Iskenderun's Battlesphere      Conjuration/Charms           5
Comestibles
 c - a bread ration
 f - 3 chunks of flesh
 g - 3 fruits
 j - a royal jelly
 n - a meat ration


   Skills:
 + Level 0.2 Fighting
 + Level 2.0 Dodging
 + Level 2.4 Stealth
 + Level 2.2 Spellcasting
 + Level 4.6 Conjurations


You had 5 spell levels left.
You knew the following spells:

 Your Spells              Type           Power        Failure   Level  Hunger
a - Magic Dart            Conj           ###.         2%          1    #......


Dungeon Overview and Level Annotations

Branches:
Dungeon (2/15)

Altars:

Annotations:
D:2 Sigmund


Innate Abilities, Weirdness & Mutations

You have sharp fingernails.
You are slightly more attuned to the shadows.


Message History

You are confused.
The jackal bites you. Sigmund barely misses you. The jackal closely misses you.
The jackal bites you. Sigmund closely misses you.
You hit the jackal.
You kill the jackal!
The jackal bites you but does no damage.
You bump into the rock wall.
The jackal closely misses you.
Sigmund hits you from afar with a scythe.
* * * LOW HITPOINT WARNING * * *
You bump into the rock wall.
The jackal completely misses you. Sigmund barely misses you.
The jackal closely misses you.
You bump into the rock wall.
The jackal closely misses you.
You're too confused to move!
You feel less confused. The jackal bites you.
* * * LOW HITPOINT WARNING * * *
Sigmund says, "Your kind have come here before.
I understand now why.
You desire death..."
Sigmund hits you from afar with a scythe.
You die...

#......#
#.###.......
#....#.#
#..##.#####.
##.#.#.###...#.#
#. #.............#
#. #.###.###...#.#
#. #.# #.........#
###. #.#
####..#### #...
#####.#### #..#
#.#.
#....@h@.####..##
#.#.
#.###...........##
#.##
#)##.###.....##
#... ...#
?##.......######
.....#
.#.........####.
......
.+.........'....
.....
.#....<....####.
.##.......## ##
##.....## #


You could see Sigmund and a jackal.

Vanquished Creatures
  A worm (D:2)
  2 dart slugs (D:1)
  A giant gecko (D:1)
  2 giant cockroaches (D:1)
  6 goblins
  3 hobgoblins
  5 jackals
  2 quokkas (D:2)
  2 bats
  3 giant newts
  3 kobolds (D:1)
  5 rats (D:1)
35 creatures vanquished.

Notes
Turn   | Place    | Note
--------------------------------------------------------------
     0 | D:1      | Lennu the Demonspawn Conjurer began the quest for the Orb.
     0 | D:1      | Reached XP level 1. HP: 13/13 MP: 3/3
   252 | D:1      | Gained mutation: You are slightly more attuned to the shadows. [demonic ancestry]
   252 | D:1      | Reached XP level 2. HP: 19/19 MP: 0/5
  1296 | D:1      | Gained mutation: You have sharp fingernails. [demonic ancestry]
  1296 | D:1      | Reached XP level 3. HP: 24/24 MP: 4/6
  2062 | D:2      | Noticed Sigmund
  2076 | D:2      | HP: 1/24 [jackal (3)]
  2076 | D:2      | Slain by Sigmund

Skill      XL: |  1  2 |
---------------+-------+-----
Stealth        | 2 |  2.4
Dodging        | 2 |  2.0
Fighting       | |  0.2
Spellcasting   | |  2.2
Conjurations   | |  4.6

Action                   || total
-------------------------++-------
Melee: Club              ||     6
       Short sword       ||    38
 Cast: Magic Dart        ||    39
 Stab: Sleeping          ||     6
  Eat: Chunk             ||     4
Armor: Robe              ||    11
Dodge: Dodged            ||    39
